 Dungeon Crawl Stone Soup version 0.18-a0-1405-g73f4075 (webtiles) character file.

9830 brucemayne the Cleaver (level 11, 0/80 HPs)
             Began as a Demonspawn Gladiator on Feb 24, 2016.
             Was an Elder of Makhleb.
             Slain by an eight-headed hydra (7 damage)
             ... on level 3 of the Lair of Beasts.
             The game lasted 00:34:42 (5043 turns).

brucemayne the Cleaver (Demonspawn Gladiator)       Turns: 5043, Time: 00:34:42

Health: 0/80       AC: 18    Str: 19    XL:     11   Next: 28%
Magic:  15/15      EV:  7    Int:  9    God:    Makhleb [****..]
Gold:   1040       SH:  2    Dex: 18    Spells: 2 memorised, 5 levels left

rFire  + . .     SeeInvis .     d - +0 battleaxe
rCold  . . .     Gourm    .     F - +0 plate armour
rNeg   . . .     Faith    .     (shield currently unavailable)
rPois  .         Spirit   .     c - +0 helmet
rElec  .         Dismiss  .     (no cloak)
rCorr  .         Reflect  .     l - +0 pair of gloves
SustAt .         Harm     .     k - +1 pair of boots
MR     .....                    (no amulet)
Stlth  ..........               o - +4 ring of dexterity
                                H - ring of wizardry

@: not resistant to hostile enchantments, extremely unstealthy
A: claws 1, large bone plates 1, fire resistance 1, spiny 2
a: Minor Destruction, Lesser Servant of Makhleb, Major Destruction, Renounce
Religion


You were on level 3 of the Lair of Beasts.
You worshipped Makhleb.
Makhleb was greatly pleased with you.
You were not hungry.

You visited 4 branches of the dungeon, and saw 18 of its levels.

You collected 1040 gold pieces.

Inventory:

Hand Weapons
 a - a +0 war axe
 d - a +0 battleaxe (weapon)
 K - a +0 blowgun
Missiles
 n - 53 poisoned needles
Armour
 c - a +0 helmet (worn)
 k - a +1 pair of boots (worn)
 l - a +0 pair of gloves (worn)
 F - a +0 plate armour (worn)
Rods
 e - a +0 rod of inaccuracy (12/12)
   (You found it on level 2 of the Lair of Beasts)
Jewellery
 o - a +4 ring of dexterity (right hand)
 r - an uncursed ring of teleportation
 x - an uncursed ring of stealth
 H - a ring of wizardry (left hand)
Wands
 w - a wand of disintegration (0/24)
 G - a wand of teleportation (0/9)
Scrolls
 q - 6 scrolls of enchant armour
 C - a scroll of random uselessness {unknown}
 D - 2 scrolls of remove curse
 I - a scroll of fog
Potions
 b - a potion of flight {unknown}
 h - a potion of resistance
 j - a potion of lignification {unknown}
 p - a potion of cure mutation {unknown}
 s - a potion of might {unknown}
 t - 2 potions of mutation
 u - a potion of ambrosia {unknown}
 B - a potion of degeneration {unknown}
 J - a potion of agility
 N - a potion of haste {unknown}
Comestibles
 f - 9 bread rations
 g - 4 meat rations
 z - 7 slices of pizza
 A - 5 chunks of flesh
 E - 5 fruits


   Skills:
 - Level 5.5 Fighting
 + Level 13.9 Axes
 - Level 1.7 Throwing
 - Level 4.4 Armour
 - Level 2.6 Dodging
 - Level 6.0 Invocations


You had 5 spell levels left.
You knew the following spells:

 Your Spells              Type           Power        Failure   Level  Hunger
a - Shroud of Golubria    Chrm/Tloc      #.........   100%        2    ###....
b - Regeneration          Chrm/Necr      #.........   100%        3    ####...


Dungeon Overview and Level Annotations

Branches:
Dungeon (12/15)            Temple (1/1) D:6            Lair (3/8) D:11
    Orc (2/2) D:9             Elf (0/3) Orc:2
  Swamp: Lair:3-6    Shoals: Lair:3-6     Snake: Lair:3-6    Spider: Lair:3-6

Altars:
Ashenzari
Cheibriados
Elyvilon
Fedhas
Gozag
Kikubaaqudgha
Makhleb
Nemelex Xobeh
Okawaru
Pakellas
Qazlal
Ru
Sif Muna
Xom
Yredelemnul
Zin
The Shining One

Annotations:
D:9 exclusion: downstairs
D:10 exclusion: downstairs
D:11 George's ghost, journeyman MiFi
Lair:1 exclusion: upstairs
Orc:1 exclusion: 2 downstairs


Innate Abilities, Weirdness & Mutations

You have sharp fingernails.
You are partially covered in large bone plates (AC +2, SH +2).
Your flesh is heat resistant.
You are mostly covered in sharp spines.


Message History

Drink which item? (? for menu, Esc to quit)
Okay, then.
Press: ? - help, v - describe, . - travel
Here: an eight-headed hydra (heavily wounded)
The floor, spattered with blood.
Evoke which item? (* to show all) (? for menu, Esc to quit)
Okay, then.
Evoke which item? (* to show all) (? for menu, Esc to quit)
Zapping:
w - a wand of disintegration (1/24)
Press: ? - help, Shift-Dir - straight line, f - eight-headed hydra
Aim: an eight-headed hydra (heavily wounded, chance to defeat MR: 30%)
The eight-headed hydra easily resists.
This wand has 0 charges left.
The yak is struck by your spines. The yak closely misses you.
The eight-headed hydra is struck by your spines.
The eight-headed hydra barely misses you.
The eight-headed hydra bites you.
* * * LOW HITPOINT WARNING * * *
The eight-headed hydra bites you but does no damage.
The eight-headed hydra bites you!
You die...

.....###.....
............
..........#
#........## #
#.........#####.##
##...............#
#.........Y......#
##........D@.#
#......#.#####
#.....#### #...Y.#
#.....###
##.......##
#........... #
##....##......
.###....## #.....


You could see an eight-headed hydra and a yak.

Vanquished Creatures
  The ghost of Liam the Thaumaturge, a novice DEWz of Vehumet (D:10)
  An unseen horror (D:11)
  An orc sorcerer (Orc:2)
  An ugly thing (D:11)
  3 elephants (Lair:3)
  A komodo dragon (Lair:2)
  2 trolls (Orc:2)
  A guardian mummy (D:10)
  2 two-headed ogres
  Sigmund (D:5)
  A human (D:8)
  A hippogriff (D:9)
  3 wargs (Orc:1)
  A water moccasin (Lair:1)
  A porcupine (Lair:3)
  10 orc warriors
  A black bear (D:10)
  2 sky beasts
  A necrophage (D:6)
  A phantom (D:9)
  A centaur (D:6)
  2 crocodiles
  9 ogres
  A big kobold (D:11)
  6 giant frogs
  3 killer bees (D:11)
  2 electric eels (D:10)
  A howler monkey (D:6)
  3 crimson imps
  A giant frog zombie (D:5)
  3 hounds
  2 quasits
  2 giant frog skeletons
  9 orc priests
  3 jellies
  3 orc wizards
  3 iguanas
  A worker ant (D:5)
  6 gnolls
  7 adders
  A shadow imp (D:6)
  4 oozes
  An adder skeleton (D:6)
  3 giant geckos
  40 orcs
  2 giant cockroaches
  A goblin (D:2)
  2 hobgoblins
  3 quokkas
  A giant gecko zombie (D:7)
  4 giant newts
  8 kobolds
  A quokka skeleton (D:6)
  3 rats
178 creatures vanquished.

Vanquished Creatures (collateral kills)
  A troll (Orc:2)
  A wolf (Orc:2)
  A warg (Orc:2)
  2 orc warriors (Orc:2)
  2 orc priests (Orc:2)
  5 orcs (Orc:2)
12 creatures vanquished.

Vanquished Creatures (others)
  3 plants
3 creatures vanquished.

Grand Total: 193 creatures vanquished

Notes
Turn   | Place    | Note
--------------------------------------------------------------
     0 | D:1      | brucemayne the Demonspawn Gladiator began the quest for the Orb.
     0 | D:1      | Reached XP level 1. HP: 16/16 MP: 1/1
   186 | D:2      | Reached skill level 3 in Axes
   186 | D:2      | Gained mutation: You are partially covered in sharp spines. [demonic ancestry]
   186 | D:2      | Reached XP level 2. HP: 9/22 MP: 2/2
   357 | D:2      | Gained mutation: You are mostly covered in sharp spines. [demonic ancestry]
   357 | D:2      | Reached XP level 3. HP: 23/27 MP: 3/3
   519 | D:5      | Entered Level 5 of the Dungeon
   533 | D:5      | Noticed Sigmund
   533 | D:5      | Reached skill level 4 in Axes
   545 | D:5      | Reached XP level 4. HP: 33/33 MP: 4/4
   557 | D:5      | Reached skill level 5 in Axes
   684 | D:3      | Gained mutation: You have sharp fingernails. [demonic ancestry]
   684 | D:3      | Reached XP level 5. HP: 38/38 MP: 5/5
   799 | D:5      | Noticed a sky beast
   805 | D:5      | Killed a sky beast
   827 | D:5      | Reached skill level 6 in Axes
   860 | D:5      | Killed Sigmund
   860 | D:5      | Reached XP level 6. HP: 42/44 MP: 6/6
   867 | D:5      | Reached skill level 7 in Axes
   927 | D:6      | Reached XP level 7. HP: 50/50 MP: 7/7
  1055 | D:6      | Found a staircase to the Ecumenical Temple.
  1064 | Temple   | Entered the Ecumenical Temple
  1099 | Temple   | Became a worshipper of Makhleb the Destroyer
  1216 | D:6      | Reached skill level 8 in Axes
  1456 | D:7      | Reached * piety under Makhleb
  1531 | D:7      | Reached skill level 9 in Axes
  1531 | D:7      | Gained mutation: You are partially covered in large bone plates (AC +2, SH +2). [demonic ancestry]
  1531 | D:7      | Reached XP level 8. HP: 35/56 MP: 8/8
  1675 | D:8      | Reached skill level 10 in Axes
  1678 | D:8      | Found an oddly glowing altar of Pakellas.
  1685 | D:8      | Found a glowing silver altar of Zin.
  1840 | D:10     | Entered Level 10 of the Dungeon
  1850 | D:10     | Noticed Liam's ghost (novice DEWz)
  1991 | D:10     | Reached ** piety under Makhleb
  2027 | D:10     | Reached skill level 11 in Axes
  2027 | D:10     | Reached XP level 9. HP: 25/61 MP: 9/9
  2138 | D:11     | Found a staircase to the Lair.
  2188 | D:11     | Noticed George's ghost (journeyman MiFi)
  2215 | D:11     | Noticed a six-headed hydra
  2533 | D:11     | Reached skill level 1 in Armour
  2558 | D:11     | Noticed a six-headed hydra
  2739 | D:10     | Killed Liam's ghost
  2824 | D:10     | Noticed a guardian mummy
  2826 | D:10     | Noticed a guardian mummy
  2845 | D:10     | Killed a guardian mummy
  2845 | D:10     | Reached skill level 5 in Fighting
  3085 | D:11     | Noticed a red ugly thing
  3207 | D:11     | Killed a red ugly thing
  3207 | D:11     | Reached XP level 10. HP: 74/74 MP: 10/10
  3386 | D:11     | Killed an unseen horror
  3405 | D:10     | Reached *** piety under Makhleb
  3405 | D:10     | Reached skill level 12 in Axes
  3568 | D:9      | Reached skill level 1 in Invocations
  3575 | D:9      | Found a staircase to the Orcish Mines.
  3587 | Orc:1    | Entered Level 1 of the Orcish Mines
  3785 | Orc:1    | Reached skill level 5 in Invocations
  3838 | Orc:1    | Reached **** piety under Makhleb
  3952 | Orc:2    | Entered Level 2 of the Orcish Mines
  3952 | Orc:2    | Noticed an orc warlord
  3998 | Orc:2    | Found a staircase to the Elven Halls.
  4066 | Orc:2    | Noticed an orc knight
  4083 | Orc:2    | Noticed an orc sorcerer
  4101 | Orc:2    | Killed an orc sorcerer
  4101 | Orc:2    | Reached skill level 13 in Axes
  4212 | Orc:2    | Gained mutation: Your flesh is heat resistant. [demonic ancestry]
  4212 | Orc:2    | Reached XP level 11. HP: 43/80 MP: 15/15
  4225 | Orc:2    | HP: 2/80 [orc knight/battleaxe (16)]
  4752 | Lair:1   | Entered Level 1 of the Lair of Beasts
  4773 | Lair:1   | Learned a level 2 spell: Shroud of Golubria
  4777 | Lair:1   | Learned a level 3 spell: Regeneration
  4963 | Lair:3   | Noticed a five-headed hydra
  5043 | Lair:3   | Slain by an eight-headed hydra

Vault maps used:
D:1:      mushboom_english_gardens
D:3:      first_bread
D:5:      uniq_sigmund
D:6:      minmay_temple_entry_poolview, minmay_fountain_box
D:7:      wad_guarded_room, uniq_prince_ribbit1
D:8:      minitemple, grunt_pizzeria, nicolae_gozag_zags_fifth_avenue,
          uniq_maurice
D:9:      david_orc_4
D:10:     nicolae_trove_entry_path_of_doom, serial_bayou, serial_bayou_pond_a,
          serial_bayou_pond_c, serial_bayou_lagoon_a, serial_bayou_pond_b,
          serial_bayou_ford_a
D:11:     dpeg_oklobed_lair
D:12:     uniq_psyche, uniq_maud
Temple:   kilobyte_greek_temple_18
Lair:1:   st_stairs_10, beast_lair_carwin_10, infiniplex_staircase_pool
Lair:2:   serial_bayou_crossing, uniq_erica
Lair:3:   infiniplex_staircase_pool_2, grunt_megastairs_5
Orc:2:    st_orc_elflike, mines5_lemuel

Skill      XL: |  1  2  3  4  5  6  7  8  9 10 |
---------------+-------------------------------+-----
Axes           | 3 4 5 6 7 9 11 13 | 13.9
Armour         | 4 |  4.4
Fighting       | 5 |  5.5
Invocations    | 6 |  6.0
Throwing       | |  1.7
Dodging        | |  2.6

Action                   |  1- 3 |  4- 6 |  7- 9 | 10-12 || total
-------------------------+-------+-------+-------+-------++-------
Melee: War axe           |    25 |    23 |   193 |       ||   241
       Battleaxe         |       |       |     8 |   173 ||   181
Throw: Throwing net      |       |     2 |     4 |       ||     6
Invok: Lesser Servant of |       |       |       |     3 ||     3
Evoke: Wand              |       |       |    24 |     1 ||    25
  Use: Scroll            |     3 |     1 |     9 |     3 ||    16
       Potion            |       |     1 |     3 |     1 ||     5
 Stab: Invisible         |       |       |     2 |       ||     2
  Eat: Chunk             |       |       |     4 |     6 ||    10
       Pizza             |       |       |     1 |       ||     1
       Beef jerky        |       |       |     1 |       ||     1
       Fruit             |       |       |       |     1 ||     1
